 Dungeon Crawl Stone Soup version 0.32-a0-931-g5a2cda0630 (webtiles) character file.

Game seed: 865985197196098230

420 Maxmaps the Cudgeller (level 6, -3/62 HPs)
             Began as an Oni Monk on Apr 14, 2024.
             Slain by an orc priest
             ... wielding a +0 club
              (4 damage)
             ... on level 3 of the Dungeon.
             The game lasted 00:02:51 (2270 turns).

Maxmaps the Cudgeller (Oni Monk)                    Turns: 2270, Time: 00:02:52

Health: -3/62      AC:  4    Str: 16    XL:     6   Next: 94%
Magic:  6/6        EV:  9    Int: 13    God:
Gold:   107        SH:  0    Dex: 11    Spells: 5/5 levels left

rFire   + . .        a - +0 mace
rCold   + . .        d - orb {light}
rNeg    . . .        b - +0 robe
rPois   +            (helmet restricted)
rElec   +            o - +0 cloak
rCorr   +            (gloves unavailable)
SInv    .            (boots unavailable)
Will    .....        (no amulet)
Stlth   +            (no ring)
HPRegen 0.30/turn    (no ring)
MPRegen 0.10/turn

%: no passive effects
@: resistant, attractive, glowing
A: large, unfitting armour, horns 1, tough skin 1, double potion healing,
drunken brawling
a: Convert to Beogh


You were on level 3 of the Dungeon.
You visited 1 branch of the dungeon, and saw 3 of its levels.

You collected 107 gold pieces.

Inventory:

Hand Weapons
 a - a +0 mace (weapon)
Armour
 b - a +0 robe (worn)
 d - an orb of light (worn)
 o - a +0 cloak (worn)
Scrolls
 c - a scroll of noise {unknown}
 e - 3 scrolls of identify {unknown}
 f - 2 scrolls of enchant weapon {unknown}
 g - a scroll of fear {unknown}
 k - a scroll of torment {unknown}
 l - a scroll of enchant armour {unknown}
 m - a scroll of blinking {unknown}
 n - a scroll of teleportation {unknown}
 p - a scroll of silence {unknown}
Potions
 h - 2 potions of attraction
 i - 2 potions of haste {unknown}


   Skills:
 - Level 4.0 Fighting
 + Level 7.6 Maces & Flails
 - Level 2.6 Dodging


You had 5 spell levels left.
You didn't know any spells.
Your spell library contained the following spells:

 Spells                   Type           Power      Damage    Failure   Level
 Cigotuvi's Dreadful Rot  Necr/Alch/Air  0%         N/A       43%         2
 Call Canine Familiar     Summ           0%         N/A       67%         3
 Sigil of Binding         Hex            0%         N/A       67%         3
 Dimensional Bullseye     Hex/Tloc       0%         N/A       97%         4
 Dispel Undead            Necr           0%         3d6       97%         4
 Martyr's Knell           Necr/Summ      0%         N/A       97%         4


Dungeon Overview and Level Annotations

Branches:
Dungeon (3/15)

Altars:
Gozag
Nemelex Xobeh

Shops:
D:2 (


Innate Abilities, Weirdness & Mutations

You are too large for most types of armour.
You have a pair of small horns on your head.
You have tough skin. (AC +1)
You gain doubled healing and magic from potions.
Whenever you drink a healing potion, you attack all around you.


Message History

The orc wizard hits you with a +0 dagger.
You closely miss the orc wizard.
The orc wizard is severely wounded.
The orc closely misses you.
The orc wizard gestures wildly while chanting.
The orc wizard flickers and vanishes for a moment.
The orc priest shouts, "The Pantheon deserves no one's loyalty.
Let us show you the true path!"
You hit the orc wizard.
You kill the orc wizard!
The orc hits you but does no damage.
Unknown command.
The orc hits you with a +0 hand axe.
* * * LOW HITPOINT WARNING * * *
Things that are here:
a +0 dagger; a +0 robe Unknown command.
Unknown command.
The orc barely misses you.
You barely miss the orc.
The orc priest calls down the wrath of Beogh upon you.
Beogh smites you!
* * * LOW HITPOINT WARNING * * *
The orc priest is attracted toward you. The orc is attracted toward you.
Unknown command.
You hit the orc priest.
You headbutt the orc priest, but do no damage.
The orc priest is lightly wounded.
The orc barely misses you. The orc priest barely misses you.
You sock the orc priest!
The orc priest is severely wounded.
The orc hits you with a +0 hand axe.
* * * LOW HITPOINT WARNING * * *
The orc priest invokes the aid of Beogh against you.
You struggle to resist.
Unknown command.
Unknown command.
It was a potion of resistance.
You feel protected. The orc barely misses you.
The orc priest hits you with a +0 club.
You die...

# # ## ######.#.##
###.
#@oo§.......###...
#o#####.#.....)...
#.# ###.# .###...
#.# #... . #.#.
#.###.#####.#.#.#.
#.#.......#.#.#.#.
#.......#.........
###.#...#.#####...
#.........†.#..#


You could see an orc priest and 2 orcs.

Vanquished Creatures
  Sigmund (D:2)
  Crazy Yiuf (D:2)
  Natasha (thrice) (D:2)
  2 orc wizards (D:3)
  8 adders
  2 dart slugs
  2 ribbon worms
  3 orcs (D:3)
  2 giant cockroaches (D:1)
  4 goblins
  3 hobgoblins
  4 kobolds
  2 quokkas
  3 ball pythons
  2 bats (D:1)
  2 frilled lizards
  5 rats
49 creatures vanquished.

Notes
Turn   | Place    | Note
-------+----------+-------------------------------------------
     0 | D:1      | Maxmaps the Oni Monk began the quest for the Orb.
     0 | D:1      | Reached XP level 1. HP: 24/24 MP: 1/1
    78 | D:1      | Reached XP level 2. HP: 21/32 MP: 2/2
   392 | D:1      | Reached skill level 4 in Maces & Flails
   744 | D:2      | Noticed Natasha
   756 | D:2      | Killed Natasha
   757 | D:2      | Reached XP level 3. HP: 16/39 MP: 3/3
   853 | D:2      | Noticed Natasha
   857 | D:2      | Killed Natasha
   858 | D:2      | Reached skill level 5 in Maces & Flails
   858 | D:2      | Reached XP level 4. HP: 43/48 MP: 4/4
   914 | D:2      | Noticed Natasha
   926 | D:2      | Killed Natasha
  1031 | D:2      | Reached XP level 5. HP: 40/54 MP: 5/5
  1223 | D:2      | Noticed Sigmund
  1235 | D:2      | Killed Sigmund
  1236 | D:2      | Reached skill level 6 in Maces & Flails
  1236 | D:2      | Reached XP level 6. HP: 55/62 MP: 6/6
  1426 | D:2      | Reached skill level 7 in Maces & Flails
  1492 | D:2      | Found an opulent altar of Gozag.
  1530 | D:2      | Found Rimmor's Antique Weapon Shop.
  1686 | D:2      | Found a runed translucent door.
  1687 | D:2      | Noticed Crazy Yiuf
  1753 | D:2      | Killed Crazy Yiuf
  2214 | D:3      | Found a sparkling altar of Nemelex Xobeh.
  2269 | D:3      | HP: 1/62 [orc/+0 hand axe (4)]
  2270 | D:3      | Slain by an orc priest

Illustrated notes

Levels and vault maps discovered:
D:1:      wander_arrival_lonely_grave, layout_loops_cross, minmay_liquid_box,
          minmay_tromino_v2
D:2:      layout_basic, serial_shops, nicolae_shop_gibbet_a_chance, basic_altar,
          uniq_natasha, uniq_crazy_yiuf_cottage, uniq_sigmund
D:3:      minmay_door_path, layout_basic, mainiacjoe_overflow_alcove_2,
          nemelex_diamond_rough_becter, shapermc_ecumenical_altar_gd,
          kennysheep_another_room, uniq_jessica

Skill      XL: |  1  2  3  4  5  6 |
---------------+-------------------+-----
Maces & Flails | 4 5 6 7 |  7.6
Fighting       | |  4.0
Dodging        | |  2.6

Action                     |  1- 3 |  4- 6 || total
---------------------------+-------+-------++-------
  Melee: Mace              |    52 |   106 ||   158
         Headbutt          |     6 |    18 ||    24
    Use: Potion            |     1 |     2 ||     3
 Armour: Robe              |    44 |    75 ||   119
  Dodge: Dodged            |    29 |    54 ||    83

Table legend: (Time is in decaauts)
 A = Elapsed time spent in this place.
 B = Non-inter-level travel time spent in this place.
 C = Inter-level travel time spent in this place.
 D = Time resting spent in this place.
 E = Time spent auto-exploring this place.
 F = Levels seen in this place.
 G = Mean time per level.
                   A        B        C        D        E       F      G
               +--------+--------+--------+--------+--------+-----+--------+
         Total |   2304 |   2206 |     98 |    332 |   1483 |   3 |  768.0 |
       Dungeon |   2304 |   2206 |     98 |    332 |   1483 |   3 |  768.0 |
               +--------+--------+--------+--------+--------+-----+--------+

Top non-repeatable levels by time:
     D:2: 1108 daAuts
     D:1: 828 daAuts
     D:3: 368 daAuts
